 Dungeon Crawl Stone Soup version 0.27.1-33-g824d729ab1 (webtiles) character file.

Game seed: 5448681456953525434

242 zeram the Covert (level 6, -2/43 HPs)
             Began as an Octopode Wanderer on Dec 25, 2021.
             Slain by an iguana (5 damage)
             ... on level 4 of the Dungeon.
             The game lasted 00:03:35 (2528 turns).

zeram the Covert (Octopode Wanderer)                Turns: 2528, Time: 00:03:36

Health: -2/43      AC:  1    Str: 13    XL:     6   Next: 9%
Magic:  6/6        EV: 12    Int: 13    God:
Gold:   94         SH:  0    Dex: 13    Spells: 5/5 levels left

rFire    . . .     SeeInvis .   a - +2 dagger
rCold    . . .     Faith    .   (no shield)
rNeg     . . .     Spirit   .   (helmet restricted)
rPois    .         Reflect  .   (no amulet)
rElec    .         Harm     .   (no ring)
rCorr    .         Rampage  .   (no ring)
Will     .....                  (no ring)
Stlth    +++++.....             (no ring)
HPRegen  0.14/turn              (no ring)
MPRegen  0.10/turn              (no ring)
                                (no ring)
                                (no ring)

@: no status effects
A: almost no armour, amphibious, 8 rings, camouflage 1, gelatinous body 1,
(nimble swimmer 1), tentacles
a: no special abilities


You were on level 4 of the Dungeon.
You visited 1 branch of the dungeon, and saw 4 of its levels.

You collected 94 gold pieces.

Inventory:

Hand Weapons
 a - a +2 dagger (weapon)
 d - a +0 spear
Wands
 i - a wand of digging (5)
 j - a wand of polymorph (9)
Scrolls
 b - a scroll of blinking
 h - a scroll of identify {unknown}
Potions
 c - 3 potions of curing
 e - a potion of lignification {unknown}
 f - 2 potions of attraction {unknown}
 g - a potion of berserk rage {unknown}


   Skills:
 - Level 4.0 Fighting
 - Level 1.0 Polearms
 + Level 8.9 Stealth
 - Level 1.0 Transmutations
 - Level 2.0 Earth Magic


You had 5 spell levels left.
You didn't know any spells.
Your spell library contained the following spells:

 Spells                   Type           Power      Damage    Failure   Level
 Foxfire                  Conj/Fire      0%         2x1d4     30%         1
 Conjure Flame            Conj/Fire      0%         6-21      67%         3
 Inner Flame              Hex/Fire       0%         N/A       67%         3


Dungeon Overview and Level Annotations

Branches:
Dungeon (3/15)

Altars:
Ru
Zin

Shops:
D:4 (


Innate Abilities, Weirdness & Mutations

You cannot wear most types of armour.
You are amphibious.
You can wear up to eight rings at the same time.
Your skin changes colour to match your surroundings (Stealth+).
Your rubbery body absorbs attacks. (AC +1, EV +1)
((You are camouflaged near water. (Stealth+)))
You have tentacles for arms and can constrict up to eight enemies at once.


Message History

The hobgoblin is almost dead.
You constrict the hobgoblin.
You kill the hobgoblin!
The kobold hits you with a +0 whip.
You hit the kobold. You grab the kobold.
The kobold is moderately wounded.
You constrict the kobold. The kobold hits you with a +0 whip.
You hit the kobold.
You kill the kobold!
The iguana hisses menacingly.
The iguana closely misses you.
You closely miss the iguana. Your grab misses the iguana.
You squeeze the iguana!
The iguana is heavily wounded.
The iguana misses you.
You hit the iguana. Your grab misses the iguana.
The iguana is heavily wounded.
The iguana bites you!
You closely miss the iguana. Your grab misses the iguana.
The iguana is heavily wounded.
The iguana bites you!
You are too injured to fight recklessly!
You are too injured to fight recklessly!
You hit the iguana but do no damage. Your grab misses the iguana.
Your squeeze misses the iguana.
The iguana is heavily wounded.
The iguana hisses menacingly.
The iguana closely misses you.
You closely miss the iguana. You grab the iguana.
The iguana is heavily wounded.
You constrict the iguana, but do no damage.
The iguana bites you!
* * * LOW HITPOINT WARNING * * *
You barely miss the iguana.
The iguana is heavily wounded.
You constrict the iguana. The iguana barely misses you.
You hit the iguana but do no damage.
The iguana is severely wounded.
You constrict the iguana. The iguana bites you.
You die...

#### #..## #...# ### ##.
#...###.###....
#####......†......
#..#........## #
###.......##@).#
.####.#....#####l.....#
...........# ........#
.....##...(# .........#
....##.....###.........#
#).....................#
...................$....
##.........#.##.........
#.......<....#.


You could see an iguana.

Vanquished Creatures
  An ogre (D:4)
  An iguana (D:4)
  A hound skeleton (D:3)
  A hound zombie (D:3)
  3 adders (D:2)
  An adder zombie (D:3)
  A worm (D:2)
  3 dart slugs
  6 bats
  8 endoplasms
  3 giant cockroaches (D:1)
  7 hobgoblins
  3 jackals (D:2)
  7 kobolds
  2 quokkas
  7 ball pythons
  A ball python zombie (D:3)
  3 frilled lizards
  5 goblins
  3 rats (D:1)
67 creatures vanquished.

Vanquished Creatures (others)
  8 plants (D:1)
  4 toadstools (D:1)
12 creatures vanquished.

Grand Total: 79 creatures vanquished

Notes
Turn   | Place    | Note
-------+----------+-------------------------------------------
     0 | D:1      | zeram the Octopode Wanderer began the quest for the Orb.
     0 | D:1      | zeram set off with the following items: a +2 dagger, a
                  | scroll of blinking, a potion of curing, a +0 spear
     0 | D:1      | Reached XP level 1. HP: 17/17 MP: 1/1
    28 | D:1      | Reached skill level 3 in Stealth
   122 | D:1      | Reached XP level 2. HP: 20/22 MP: 2/2
   126 | D:1      | Reached skill level 4 in Stealth
   400 | D:1      | Reached XP level 3. HP: 26/27 MP: 3/3
   418 | D:1      | Reached skill level 5 in Stealth
  1145 | D:2      | Found a sacrificial altar of Ru.
  1153 | D:2      | Reached skill level 6 in Stealth
  1153 | D:2      | Reached XP level 4. HP: 33/33 MP: 4/4
  1448 | D:2      | Found a faded altar of an unknown god.
  1772 | D:3      | Reached skill level 7 in Stealth
  1966 | D:3      | Reached XP level 5. HP: 27/37 MP: 5/5
  2112 | D:3      | Found a glowing silver altar of Zin.
  2137 | D:3      | You fall into a shaft and drop 1 floor!
  2370 | D:4      | Noticed an ogre
  2390 | D:4      | Killed an ogre
  2391 | D:4      | Reached skill level 8 in Stealth
  2391 | D:4      | Reached XP level 6. HP: 43/43 MP: 6/6
  2481 | D:4      | Found Xujakh's Antique Weapon Shop.
  2528 | D:4      | Slain by an iguana

Illustrated notes

Levels and vault maps discovered:
D:1:      ldierk_walled_garden_2, layout_basic, st_stairs_7,
          serial_bayou_lagoon_a, kennysheep_crisscross,
          minmay_shallow_snake_nest
D:2:      layout_rooms, basic_altar, shapermc_ecumenical_altar_mp_highgroup
D:3:      layout_rooms, mainiacjoe_overflow_paths,
          nicolae_overflow_crystal_walls, serial_undead, serial_undead_a,
          serial_undead_b, serial_undead_d, serial_undead_f, serial_undead_d,
          ebering_ghost_sewer_d
D:4:      layout_cave_pools, cheibrodos_worm_habitat,
          pdpol_wu_jian_five_deadly_venoms, serial_shops, shop

Skill      XL: |  1  2  3  4  5 |
---------------+----------------+-----
Stealth        | 3 4 6 7 8 |  8.9
Fighting       | |  4.0
Polearms       | |  1.0
Transmutations | |  1.0
Earth Magic    | |  2.0

Action                   |  1- 3 |  4- 6 || total
-------------------------+-------+-------++-------
Melee: Dagger            |    70 |    78 ||   148
       Constrict         |    13 |    16 ||    29
       Tentacles         |    11 |    10 ||    21
  Use: Scroll            |     2 |     1 ||     3
 Stab: Sleeping          |    14 |     6 ||    20
Armor: Skin              |     4 |     3 ||     7
Dodge: Dodged            |    24 |    42 ||    66
